 Dungeon Crawl Stone Soup version 0.26-a0-1213-gd52f5182fe (webtiles) character file.

Game seed: 14602298691280954152

7 sokol815 the Magician (level 2, -1/17 HPs)
             Began as an Octopode Hedge Wizard on Dec 31, 2020.
             Slain by a hobgoblin
             ... wielding a +0 club
              (5 damage)
             ... on level 1 of the Dungeon.
             The game lasted 00:01:20 (81 turns).

sokol815 the Magician (Octopode Hedge Wizard)         Turns: 81, Time: 00:01:20

Health: -1/17      AC:  1    Str:  9    XL:     2   Next: 4%
Magic:  6/6        EV: 13    Int: 16    God:
Gold:   27         SH:  0    Dex: 11    Spells: 6/7 levels left

rFire    . . .     SeeInvis .   a - +0 dagger
rCold    . . .     Faith    .   (no shield)
rNeg     . . .     Spirit   .   b - +0 hat
rPois    .         Reflect  .   (no amulet)
rElec    .         Harm     .   (no ring)
rCorr    .         Rampage  .   (no ring)
Will     .....                  (no ring)
Stlth    +++.......             (no ring)
HPRegen  0.05/turn              (no ring)
MPRegen  0.10/turn              (no ring)
                                (no ring)
                                (no ring)

@: no status effects
A: almost no armour, stealthy swim, amphibious, 8 rings, constrict 8, camouflage
1, gelatinous body 1
a: no special abilities


You were on level 1 of the Dungeon.
You visited 1 branch of the dungeon, and saw 1 of its levels.

You collected 27 gold pieces.

Inventory:

Hand Weapons
 a - a +0 dagger (weapon)
Armour
 b - a +0 hat (worn)
Scrolls
 c - a scroll of amnesia {unknown}
 d - a scroll of identify {unknown}


   Skills:
 + Level 2.1 Dodging
 + Level 2.9 Stealth
 + Level 3.0 Spellcasting
 + Level 1.1 Conjurations
 + Level 1.2 Summonings
 + Level 1.2 Translocations


You had 6 spell levels left.
You knew the following spells:

 Your Spells              Type           Power        Failure   Level
a - Magic Dart            Conj           24%          12%         1

Your spell library contained the following spells:

 Spells                   Type           Power        Failure   Level
 Blink                    Tloc           N/A          17%         2
 Call Imp                 Summ           6%           17%         2
 Slow                     Hex            2%           28%         2
 Conjure Flame            Conj/Fire      4%           41%         3
 Mephitic Cloud           Conj/Pois/Air  3%           43%         3


Dungeon Overview and Level Annotations

Branches:
Dungeon (1/15)

Altars:


Innate Abilities, Weirdness & Mutations

You cannot wear most types of armour.
You are very stealthy in the water. (Stealth+)
You are amphibious.
You can wear up to eight rings at the same time.
You can use your tentacles to constrict eight enemies at once.
Your skin changes colour to match your surroundings (Stealth+).
Your rubbery body absorbs attacks. (AC +1, EV +1)


Message History

Your movement speed is average.
Your attack speed is average.
Unknown command.
Okay, then. (m)acro, keymap [(k) default, (x) level-map, (t)argeting, (c)onfirm, m(e)nu], (s)ave?
Aborting.
Unknown command.
You open the door.
There is an open door here.
You open the door.
There is an open door here.
c - a scroll labelled QUCOMO ADDOTS You open the door.
There is an open door here.
You open the door.
There is an open door here.
As you open the door, it creaks loudly!
There is an open door here.
d - a scroll labelled OFIESA SISSEUP You now have 18 gold pieces.
You open the door.
There is an open door here.
You now have 27 gold pieces (gained 9). 2 jackals and a goblin come into view.
The magic dart hits the jackal but does no damage.
The jackal barks!
You hear a shout!
You now have 3/4 mp.
The magic dart hits the jackal.
The jackal barks!
The goblin shouts!
You hear a shout!
You now have 2/4 mp.
A hobgoblin comes into view.
The hobgoblin shouts!
The jackal bites you.
A goblin comes into view.
Found a stone staircase leading down.
You take 1 damage, and have 10/11 hp.
You hit the jackal. You grab the jackal.
You constrict the jackal, but do no damage.
The jackal bites you. x2
A rat comes into view.
The jackal bites you. x2
You take 6 damage, and have 4/11 hp.
MASSIVE DAMAGE!!
You release your grip on the jackal.
The jackal misses you.
You closely miss the jackal. Your grab misses the jackal.
The jackal misses you.
You hit the jackal. Your grab misses the jackal.
A bat comes into view.
The jackal closely misses you.
The rat twitches its whiskers.
The bat moves out of view.
You hit the jackal.
You kill the jackal!
You closely miss the jackal. Your grab misses the jackal.
You squeeze the jackal.
You kill the jackal!
You hit the hobgoblin but do no damage. You grab the hobgoblin.
You constrict the hobgoblin. The hobgoblin misses you.
A hobgoblin comes into view. It is wielding a +0 club.
You hit the hobgoblin but do no damage. You constrict the hobgoblin.
The hobgoblin hits you.
You take 1 damage, and have 4/11 hp.
You hit the hobgoblin.
You kill the hobgoblin!
You completely miss the goblin. Your grab misses the goblin.
The goblin barely misses you.
You closely miss the goblin. You grab the goblin. You constrict the goblin.
The goblin misses you.
You barely miss the goblin. You constrict the goblin.
The goblin barely misses you.
You hit the goblin.
You kill the goblin!
The bat misses you. The bat barely misses you.
You barely miss the bat. Your grab misses the bat. Your squeeze misses the bat.
The bat completely misses you. The bat closely misses you.
You hit the bat but do no damage. You grab the bat.
You constrict the bat, but do no damage.
The bat completely misses you. The bat misses you.
You hit the bat but do no damage. You constrict the bat. The bat hits you.
* * * LOW HITPOINT WARNING * * *
You take 1 damage, and have 3/11 hp.
You hit the bat but do no damage. Your squeeze misses the bat.
You constrict the bat.
You kill the bat!
You barely miss the goblin. You grab the goblin. You squeeze the goblin.
You kill the goblin!
You have reached level 2!
You regained 2 hp, and now have 5/17 hp.
MP restored: 6 You hit the rat but do no damage.
You grab the rat. You constrict the rat. The rat misses you.
You barely miss the rat. You constrict the rat.
You kill the rat!
You barely miss the hobgoblin. Your grab misses the hobgoblin.
The hobgoblin hits you with a +0 club.
* * * LOW HITPOINT WARNING * * *
You take 1 damage, and have 4/17 hp.
You barely miss the hobgoblin. You grab the hobgoblin.
You constrict the hobgoblin, but do no damage.
The hobgoblin hits you with a +0 club.
You die...

#........ ####### #.
#........ #.....# #.#
#........ #.....##+####.#
#........ ###.............#
#........ ..........>.....#
#........ ................#
#........
......(.#######.###........
.........g@...#...##+######
.......?#####.#.#..........
....##... #...###########
... #.g# ##### .. #... #
#.## #. ..


You could see a hobgoblin.

Vanquished Creatures
  2 goblins (D:1)
  A hobgoblin (D:1)
  2 jackals (D:1)
  A bat (D:1)
  A rat (D:1)
7 creatures vanquished.

Notes
Turn   | Place    | Note
-------+----------+-------------------------------------------
     0 | D:1      | sokol815 the Octopode Hedge Wizard began the quest for the
                  | Orb.
     0 | D:1      | Reached XP level 1. HP: 11/11 MP: 4/4
    78 | D:1      | Reached XP level 2. HP: 5/17 MP: 6/6
    80 | D:1      | HP: 4/17 [hobgoblin/+0 club (1)]
    81 | D:1      | Slain by a hobgoblin

Illustrated notes

Levels and vault maps discovered:
D:1:      evilmike_arrival_fibonacci_small, layout_basic

Action                   || total
-------------------------++-------
Melee: Dagger            ||    21
       Constrict         ||     7
       Tentacles         ||     2
 Cast: Magic Dart        ||     2
Dodge: Dodged            ||    14

Table legend: (Time is in decaauts)
 A = Elapsed time spent in this place.
 B = Non-inter-level travel time spent in this place.
 C = Inter-level travel time spent in this place.
 D = Time resting spent in this place.
 E = Time spent auto-exploring this place.
 F = Levels seen in this place.
 G = Mean time per level.
                   A        B        C        D        E       F      G
               +--------+--------+--------+--------+--------+-----+--------+
         Total |     81 |     81 |      0 |      0 |     52 |   1 |   81.0 |
       Dungeon |     81 |     81 |      0 |      0 |     52 |   1 |   81.0 |
               +--------+--------+--------+--------+--------+-----+--------+

Top non-repeatable levels by time:
     D:1: 81 daAuts

Table legend:
 A = Kills in this place as a percentage of kills in entire the game.
 B = Kills by you in this place as a percentage of kills by you in the entire game.
 C = Kills by friends in this place as a percentage of kills by friends in the entire game.
 D = Other kills in this place as a percentage of other kills in the entire game.
 E = Experience gained in this place as a percentage of experience gained in the entire game.
 F = Experience gained in this place divided by the number of levels of this place that you have seen.
                   A       B       C       D       E      F
               +-------+-------+-------+-------+-------+----------------------
         Total | 100.0 | 100.0 |   N/A |   N/A | 100.0 |  11.0
       Dungeon | 100.0 | 100.0 |   N/A |   N/A | 100.0 |  11.0
               +-------+-------+-------+-------+-------+----------------------
